 Dungeon Sprint DCSS version 0.30-a0-1161-g0704695555 (webtiles) character file.

Game seed: 10813588119926517694

1600000 123456 the Acrobat (level 15, -22/137 HPs)
             Began as a Demonspawn Gladiator on Apr 27, 2023.
             Was a Priest of Makhleb.
             Annihilated by a meat berserker
             ... wielding a +9 battleaxe
              (67 damage)
             ... in the Dungeon (Sprint VIII: "Arena of Blood").
             The game lasted 00:00:34 (16 turns).

123456 the Acrobat (Demonspawn Gladiator)             Turns: 16, Time: 00:00:34

Health: -22/137    AC: 12    Str: 14    XL:     15   Next: 86%
Magic:  15/15      EV: 34    Int: 10    God:    Makhleb [***...]
Gold:   0          SH:  4    Dex: 24    Spells: 14/14 levels left

rFire   . . .        k - +∞ Axe of Woe
rCold   . . .        (shield currently unavailable)
rNeg    . . .        a - +0 leather armour
rPois   .            b - +0 helmet
rElec   .            (no cloak)
rCorr   .            (no gloves)
SInv    .            (no boots)
Will    +....        (no amulet)
Stlth   +++          (no ring)
HPRegen 0.42/turn    (no ring)
MPRegen 0.14/turn

%: no teleportation
@: no status effects
A: hooves 2, thin skeletal structure 1, foul stench 3, icemail 2, condensation
shield
a: Renounce Religion, Minor Destruction, Lesser Servant of Makhleb


You were in the Dungeon.
You worshipped Makhleb.
Makhleb was most pleased with you.
You visited 1 branch

Inventory:

Hand Weapons
 k - the +∞ Axe of Woe (weapon)
   (You found it in the Dungeon)
Missiles
 c - 3 throwing nets (quivered)
 d - a javelin
Armour
 a - a +0 leather armour (worn)
 b - a +0 helmet (worn)
Scrolls
 j - a scroll of blinking
Potions
 e - a potion of curing
 f - a potion of heal wounds
 g - a potion of haste
 h - 2 potions of magic
 i - a potion of berserk rage


   Skills:
 + Level 18.3 Fighting
 + Level 14.8 Axes
 + Level 14.5 Throwing
 + Level 2.8 Armour
 + Level 25.7 Dodging
 + Level 25.3 Unarmed Combat


You had 14 spell levels left.
You didn't know any spells.
Your spell library was empty.

Dungeon Overview and Level Annotations

Branches:
Dungeon (1/1)

Altars:
Makhleb


Innate Abilities, Weirdness & Mutations

You have hoof-like feet.
You have a somewhat thin skeletal structure. (Dex +2, Stealth+)
You frequently emit foul miasma when damaged in melee.
A meltable icy envelope protects you from harm. (AC +8)
A meltable shield of frost defends you. (SH +4)


Message History

Your Armour skill gained 2 levels and is now at level 2!
Your Dodging skill increases to level 24!
Your Unarmed Combat skill increases to level 24!
You have reached level 15!
Your experience leads to an increase in your attributes!
Increase (S)trength, (I)ntelligence, or (D)exterity?
You feel agile. x2
Unknown command.
Unknown command.
The bag of meat shouts! x2
You slice the bag of meat!!
You fatally mangle the bag of meat.
You kill the bag of meat!
Makhleb accepts your kill.
You feel better.
You slash the bag of meat!
You slaughter the bag of meat joyfully.
You kill the bag of meat!
Makhleb accepts your kill.
You hear a shout! x6
A bag of meat comes into view. It is wielding a +9 war axe.
You hear a shout! x5
Your Fighting skill increases to level 18!
Your Axes skill increases to level 14!
Your Dodging skill increases to level 25!
Your Unarmed Combat skill increases to level 25!
Unknown command.
Unknown command.
Unknown command.
The destroyer appears out of thin air!
A destroyer comes into view. It is wielding a +9 heavy great sword.
The destroyer shouts!
You hear a shout!
The meat berserker rages.
You hear a shout! x6
A meat berserker comes into view. It is wielding a +9 battleaxe.
The meat berserker hits you with a +9 battleaxe!!!
You emit a cloud of foul miasma!
You hear a shout!
The bag of meat hits you with a +9 war axe!!
You emit a cloud of foul miasma!
The meat berserker hits you with a +9 battleaxe!!!
You die...

.o............
...O.........
...o........
....oo.....
..........
#..o.oo.# .
#....o○)# ....
.###..o..).###.o...
......###.)@o......
....V._...OO......
..#.....#O......#
#_.<)_#........
#.....#......#.
......_...........
......###.........#
.###.. ..O###.....
#.. ...# .


You could see a destroyer, a large bag of meat (inner flame), 4 meat berserkers
and 10 bags of meat.

Vanquished Creatures
  5 ogres (D)
  5 orcs (D)
10 creatures vanquished.

Notes
Turn   | Place    | Note
-------+----------+-------------------------------------------
     0 | D        | Found the +∞ Axe of Woe
     0 | D        | 123456 the Demonspawn Gladiator began the quest for the
                  | Orb.
     0 | D        | Reached XP level 1. HP: 16/16 MP: 1/1
     1 | D        | Noticed a bag of meat
     4 | D        | Became a worshipper of Makhleb the Destroyer
     5 | D        | Killed a bag of meat
     6 | D        | Reached skill level 15 in Dodging
     6 | D        | Reached skill level 15 in Unarmed Combat
     6 | D        | Gained mutation: You have large cloven feet. [demonic
                  | ancestry]
     6 | D        | Reached XP level 2. HP: 34/34 MP: 2/2
     6 | D        | Gained mutation: You may rarely emit foul miasma when
                  | damaged in melee. [demonic ancestry]
     6 | D        | Reached XP level 3. HP: 39/39 MP: 3/3
     6 | D        | Reached XP level 4. HP: 46/46 MP: 4/4
     6 | D        | Reached XP level 5. HP: 52/52 MP: 5/5
     6 | D        | Gained mutation: A meltable shield of frost defends you.
                  | (SH +4) [demonic ancestry]
     6 | D        | Reached XP level 6. HP: 58/58 MP: 6/6
     6 | D        | Gained mutation: You sometimes emit foul miasma when
                  | damaged in melee. [demonic ancestry]
     6 | D        | Reached XP level 7. HP: 64/64 MP: 7/7
     6 | D        | Gained mutation: You have a somewhat thin skeletal
                  | structure. (Dex +2, Stealth+) [demonic ancestry]
     6 | D        | Reached XP level 8. HP: 71/71 MP: 8/8
     6 | D        | Reached XP level 9. HP: 76/76 MP: 9/9
     6 | D        | Gained mutation: A meltable icy envelope protects you from
                  | harm. (AC +8) [demonic ancestry]
     6 | D        | Reached XP level 10. HP: 83/83 MP: 10/10
     7 | D        | Noticed a bag of meat
     8 | D        | Noticed a meat berserker
     9 | D        | Noticed a meat berserker
     9 | D        | Noticed a meat berserker
     9 | D        | Noticed a meat berserker
     9 | D        | Noticed a bag of meat
    10 | D        | Noticed a meat berserker
    10 | D        | Noticed a bag of meat
    10 | D        | Noticed a bag of meat
    11 | D        | Killed a meat berserker
    11 | D        | Reached * piety under Makhleb
    11 | D        | Noticed a bag of meat
    11 | D        | Noticed a bag of meat
    12 | D        | Reached skill level 10 in Throwing
    12 | D        | Gained mutation: You frequently emit foul miasma when
                  | damaged in melee. [demonic ancestry]
    12 | D        | Reached XP level 11. HP: 94/94 MP: 11/11
    12 | D        | Gained mutation: A meltable icy envelope protects you from
                  | harm. (AC +8) [demonic ancestry]
    12 | D        | Reached XP level 12. HP: 100/100 MP: 12/12
    12 | D        | Killed a meat berserker
    12 | D        | Killed a meat berserker
    12 | D        | Noticed a bag of meat
    12 | D        | Noticed a bag of meat
    13 | D        | Gained mutation: You have hoof-like feet. [demonic
                  | ancestry]
    13 | D        | Reached XP level 13. HP: 114/114 MP: 13/13
    13 | D        | Reached XP level 14. HP: 121/121 MP: 14/14
    13 | D        | Killed a bag of meat
    13 | D        | Reached ** piety under Makhleb
    13 | D        | Killed a meat berserker
    13 | D        | Noticed a meat berserker
    13 | D        | Noticed a bag of meat
    13 | D        | Noticed a meat berserker
    13 | D        | Noticed a bag of meat
    14 | D        | Killed a meat berserker
    14 | D        | Killed a bag of meat
    14 | D        | Reached *** piety under Makhleb
    14 | D        | Noticed a bag of meat
    14 | D        | Noticed a meat berserker
    14 | D        | Noticed a large bag of meat
    14 | D        | Noticed a bag of meat
    14 | D        | Noticed a bag of meat
    15 | D        | Reached XP level 15. HP: 109/134 MP: 15/15
    16 | D        | Noticed a destroyer
    16 | D        | Noticed a meat berserker
    16 | D        | Annihilated by a meat berserker

Illustrated notes

Levels and vault maps discovered:
D:        meatsprint

Skill      XL: |  1  2  3  4  5  6  7  8  9 10 11 12 13 14 15 |
---------------+----------------------------------------------+-----
Fighting       | 9 11 14 17 18 | 18.3
Axes           | 3 4 8 13 14 | 14.8
Throwing       | 8 10 12 14 | 14.5
Dodging        | 15 18 21 24 25 | 25.7
Unarmed Combat | 15 18 21 24 25 | 25.3
Armour         | 2 |  2.8

Action                     |  1- 3 |  4- 6 |  7- 9 | 10-12 | 13-15 || total
---------------------------+-------+-------+-------+-------+-------++-------
  Melee: Executioner's axe |     1 |       |       |     2 |     3 ||     6
  Block: Other             |       |       |       |     1 |       ||     1

Table legend: (Time is in decaauts)
 A = Elapsed time spent in this place.
 B = Non-inter-level travel time spent in this place.
 C = Inter-level travel time spent in this place.
 D = Time resting spent in this place.
 E = Time spent auto-exploring this place.
 F = Levels seen in this place.
 G = Mean time per level.
                   A        B        C        D        E       F      G
               +--------+--------+--------+--------+--------+-----+--------+
         Total |     18 |     18 |      0 |      0 |      0 |   1 |   18.0 |
       Dungeon |     18 |     18 |      0 |      0 |      0 |   1 |   18.0 |
               +--------+--------+--------+--------+--------+-----+--------+

Top non-repeatable levels by time:
       D: 18 daAuts
